 Dungeon Crawl Stone Soup version 0.30-a0-219-gf2db51d15e (webtiles) character file.

Game seed: 1420368448056877114

39 Morbidden the Conjurer (level 3, -3/27 HPs)
             Began as a Draconian Conjurer on Oct 6, 2022.
             Slain by an ice beast (9 damage)
             ... on level 4 of the Dungeon.
             The game lasted 00:02:19 (1968 turns).

Morbidden the Conjurer (Draconian Conjurer)         Turns: 1968, Time: 00:02:20

Health: -3/27      AC:  6    Str:  9    XL:     3   Next: 28%
Magic:  0/6        EV: 12    Int: 20    God:
Gold:   81         SH:  0    Dex:  9    Spells: 3/6 levels left

rFire   . . .      SeeInvis .    (no weapon)
rCold   . . .      Faith    .    (no shield)
rNeg    . . .      Spirit   .    (body armour unavailable)
rPois   .          Reflect  .    (helmet restricted)
rElec   .          Harm     .    b - +0 cloak
rCorr   .          Rampage  .    (no gloves)
Will    .....                    (no boots)
Stlth   ++........               (no amulet)
HPRegen 0.24/turn                (no ring)
MPRegen 0.10/turn                (no ring)

@: slowed, very slow
A: AC +5, unfitting armour, cold-blooded
a: no special abilities


You were on level 4 of the Dungeon.
You visited 1 branch of the dungeon, and saw 4 of its levels.

You collected 81 gold pieces.

Inventory:

Armour
 b - a +0 cloak (worn)
Scrolls
 c - a scroll of identify {unknown}
 d - a scroll of enchant weapon {unknown}
 f - a scroll of butterflies {unknown}
 h - 3 scrolls of teleportation {unknown}
Potions
 a - a potion of magic
 g - a potion of cancellation {unknown}
 j - a potion of brilliance {unknown}


   Skills:
 * Level 0.6 Fighting
 * Level 1.8 Dodging
 + Level 1.9 Stealth
 * Level 2.1 Spellcasting
 * Level 4.9 Conjurations


You had 3 spell levels left.
You knew the following spells:

 Your Spells              Type           Power      Damage    Failure   Level
a - Magic Dart            Conj           88%        1d7       1%          1
b - Searing Ray           Conj           44%        2d6       3%          2

Your spell library contained the following spells:

 Spells                   Type           Power      Damage    Failure   Level
 Dazzling Flash           Conj/Hex       24%        N/A       17%         3
 Fulminant Prism          Conj/Hex       6%         3d7       50%         4
 Iskenderun's Mystic Bla  Conj/Tloc      12%        2d5       50%         4
 Leda's Liquefaction      Hex/Erth       1%         N/A       83%         4
 Olgreb's Toxic Radiance  Pois           2%         N/A       83%         4
 Lee's Rapid Deconstruct  Erth           1%         3d5*      99%         5
 Statue Form              Tmut/Erth      1%         N/A       100%        6
 Ozocubu's Refrigeration  Ice            1%         4d7       100%        7
 Ignition                 Fire           1%         3d3       100%        8


Dungeon Overview and Level Annotations

Branches:
Dungeon (4/15)
 Temple: D:4-7

Altars:
Gozag

Shops:
D:4 *

Annotations:
D:2 Robin


Innate Abilities, Weirdness & Mutations

Your plain brown scales are hard. (AC +5)
You cannot fit into any form of body armour.
You are cold-blooded and may be slowed by cold attacks.


Message History

The ice beast is almost dead.
The ice beast hits you but does no damage.
Unknown command.
You closely miss the ice beast.
The ice beast is almost dead.
The ice beast closely misses you.
You hit the ice beast but do no damage.
The ice beast is almost dead.
The ice beast hits you but does no damage.
You hit the ice beast but do no damage.
The ice beast is almost dead.
The ice beast closely misses you.
You hit the ice beast but do no damage.
You tail-slap the ice beast, but do no damage.
The ice beast is almost dead.
The ice beast misses you.
You barely miss the ice beast.
Your tail-slap misses the ice beast.
The ice beast is almost dead.
The ice beast hits you. The ice beast freezes you!
You feel yourself slow down.
* * * LOW HITPOINT WARNING * * *
Unknown command.
Casting: Magic Dart (safe; 1% risk of failure)
Confirm with . or Enter, or press ? or * to list all spells.
Aiming: Magic Dart (safe; 1% risk of failure)
Press: ? - help, Shift-Dir - straight line, f/p - ice beast
Aim: an ice beast (almost dead, 100% to hit)
The magic dart hits the ice beast.
The ice beast is almost dead.
The ice beast hits you but does no damage.
The ice beast barely misses you.
You hit the ice beast but do no damage.
The ice beast is almost dead.
You feel yourself speed up. The ice beast misses you.
You hit the ice beast but do no damage.
Your tail-slap misses the ice beast.
The ice beast is almost dead.
The ice beast hits you.
* * * LOW HITPOINT WARNING * * *
The ice beast freezes you!
You feel yourself slow down.
You die...

#.# #...# #.#######...# .#
#.#.........# .# #
#.#.#####..###########.#.#
#......................#.##
#...#####..#.....≈≈≈≈≈≈≈...
#...#####.[#..≈≈≈≈.....≈#
#[......>.....≈....⌠.⌠.≈#
##..#####.....Y@_...∩..≈#
#..#####.....≈....⌠.⌠.≈#
#..##.>......≈≈≈≈.....≈#
#...............≈≈≈≈≈≈≈#
#...#.#####.########.#:#
#.$...# #.# .#.# #...###
#.# .# # #...# ... .# #....
$.#


You could see an ice beast.

Vanquished Creatures
  A dart slug (D:2)
  2 orcs
  3 bats
  4 endoplasms
  A giant cockroach (D:1)
  3 goblins
  2 hobgoblins
  4 jackals
  2 kobolds
  A quokka (D:1)
  3 ball pythons
  3 rats
29 creatures vanquished.

Notes
Turn   | Place    | Note
-------+----------+-------------------------------------------
     0 | D:1      | Morbidden the Draconian Conjurer began the quest for the
                  | Orb.
     0 | D:1      | Reached XP level 1. HP: 14/14 MP: 3/3
   264 | D:1      | Found a faded altar of an unknown god.
   402 | D:1      | Reached XP level 2. HP: 21/22 MP: 1/5
  1358 | D:2      | Noticed Robin
  1378 | D:3      | Learned a level 2 spell: Searing Ray
  1560 | D:3      | Reached XP level 3. HP: 27/27 MP: 2/6
  1789 | D:4      | HP: 1/27 [hobgoblin (3)]
  1855 | D:4      | Found an opulent altar of Gozag.
  1880 | D:4      | Noticed an ice beast
  1903 | D:4      | Found Gozag's Platinum Reserve.
  1968 | D:4      | Slain by an ice beast

Illustrated notes

Levels and vault maps discovered:
D:1:      elethiomel_arrival_maze, layout_basic,
          ebering_ecumenical_altar_sacrificial
D:2:      layout_loops_ring, kennysheep_minor_cross, hex_tiny, uniq_robin,
          uniq_crazy_yiuf_cottage
D:3:      layout_basic
D:4:      layout_loops_ring, nicolae_gozag_zags_fifth_avenue, uniq_natasha

Action                   || total
-------------------------++-------
Melee: Unarmed           ||    30
       Tailslap          ||     3
 Cast: Magic Dart        ||    70
       Searing Ray       ||     2
Evoke: Wand              ||     2
  Use: Potion            ||     2
Armor: Skin              ||    22
Dodge: Dodged            ||    29

Table legend: (Time is in decaauts)
 A = Elapsed time spent in this place.
 B = Non-inter-level travel time spent in this place.
 C = Inter-level travel time spent in this place.
 D = Time resting spent in this place.
 E = Time spent auto-exploring this place.
 F = Levels seen in this place.
 G = Mean time per level.
                   A        B        C        D        E       F      G
               +--------+--------+--------+--------+--------+-----+--------+
         Total |   1972 |   1951 |     21 |    344 |   1348 |   4 |  493.0 |
       Dungeon |   1972 |   1951 |     21 |    344 |   1348 |   4 |  493.0 |
               +--------+--------+--------+--------+--------+-----+--------+

Top non-repeatable levels by time:
     D:1: 1122 daAuts
     D:4: 315 daAuts
     D:3: 284 daAuts
     D:2: 250 daAuts
